 Dungeon Crawl Stone Soup version 0.30-a0-591-g3c58d2bc28 (webtiles) character file.

Game seed: 4356304824452931672

168 OTABOTABOTAB the Insei (level 5, -6/33 HPs)
             Began as an Octopode Transmuter on Jan 5, 2023.
             Killed by nerve-wracking pain
             ... invoked by Grinder
              (7 damage)
             ... on level 3 of the Dungeon.
             The game lasted 00:05:50 (2041 turns).

OTABOTABOTAB the Insei (Octopode Transmuter)        Turns: 2041, Time: 00:05:50

Health: -6/33      AC:  2    Str:  9    XL:     5   Next: 49%
Magic:  8/8        EV: 19    Int: 17    God:
Gold:   47         SH:  0    Dex: 18    Spells: 2/8 levels left

rFire   . . .      SeeInvis +      - Unarmed
rCold   . . .      Faith    .    (shield currently unavailable)
rNeg    . . .      Spirit   .    (helmet currently unavailable)
rPois   x          Reflect  .    g - amulet of magic regeneration
rElec   .          Harm     .    Q - +4 ring of slaying
rCorr   .          Rampage  .    V - ring of see invisible {sInv, !d}
Will    .....                    (no ring)
Stlth   ++                       (no ring)
HPRegen 0.25/turn                (no ring)
MPRegen 0.51/turn                (no ring)
                                 (no ring)
                                 (no ring)

@: mighty, spider-form (expiring)
A: venomous fangs, almost no armour, (amphibious), 8 rings, tiny, (camouflage
1), (gelatinous body 1), (nimble swimmer 1), (tentacles)
a: End Transformation


You were on level 3 of the Dungeon.
You were a venomous arachnid creature.
You visited 1 branch of the dungeon, and saw 3 of its levels.

You collected 115 gold pieces.
You spent 68 gold pieces at shops.

Inventory:

Missiles
 e - 10 poisoned darts
 s - 8 stones
Jewellery
 g - an amulet of magic regeneration (around neck)
   (You found it on level 2 of the Dungeon)
 Q - a +4 ring of slaying (left front leg)
   (You found it on level 1 of the Dungeon)
 V - a ring of see invisible (right front leg) {sInv, !d}
   (You found it on level 2 of the Dungeon)
Wands
 c - a wand of light (10)
   (You took it off Natasha on level 2 of the Dungeon)
Scrolls
 a - a scroll of poison {!r}
 d - a scroll of identify {@r1}
 K - 2 scrolls of immolation {!r}
Potions
 b - a potion of curing {unknown}
 P - 3 potions of lignification {!q}
 T - 2 potions of berserk rage {!q}


   Skills:
 - Level 1.0 Fighting
 - Level 2.0 Dodging
 * Level 4.4 Unarmed Combat
 - Level 2.0 Spellcasting
 * Level 3.7 Transmutations
 + Level 2.4 Poison Magic


You had 2 spell levels left.
You knew the following spells:

 Your Spells              Type           Power      Damage    Failure   Level
a - Beastly Appendage     Tmut           28%        N/A       13%         1
b - Wereblood             Tmut           14%        N/A       17%         2
c - Spider Form           Tmut/Pois      12%        N/A       34%         3

Your spell library contained the following spells:

 Spells                   Type           Power      Damage    Failure   Level
 Ice Form                 Ice/Tmut       8%         N/A       83%         4


Dungeon Overview and Level Annotations

Branches:
Dungeon (3/15)

Altars:
Nemelex Xobeh

Shops:
D:2 [((**

Annotations:
D:3 Grinder


Innate Abilities, Weirdness & Mutations

You are a venomous arachnid creature.
You have poisonous fangs.
You are tiny and dextrous.
Your spellcasting is less reliable in this form.
Your armour is entirely melded.
You are incapable of wielding weapons or throwing items.
You cannot wear most types of armour.
((You are amphibious.))
You can wear up to eight rings at the same time.
((Your skin changes colour to match your surroundings (Stealth+).))
((Your rubbery body absorbs attacks. (AC +1, EV +1)))
((You are camouflaged when in or above water. (Stealth+)))
((You have tentacles for arms and can constrict up to eight enemies at once.))


Message History

You barely miss the adder. Your grab misses the adder.
You pierce the adder.
Your transformation is almost over.
You feel sick. The adder barely misses you.
You take 2 damage, and have 28/33 hp.
You closely miss the adder. Your grab misses the adder.
Your tentacle spike misses the adder.
You tentacle-slap the adder.
You feel sick. The adder barely misses you.
You take 1 damage, and have 27/33 hp.
You closely miss the adder. You grab the adder. You constrict the adder.
You feel sick. The adder bites you.
You take 3 damage, and have 24/33 hp.
You tentacle-slap the adder.
You kill the adder!
You feel sick.
You take 1 damage, and have 23/33 hp.
No target in view!
No target in view!
Unknown command.
Your tentacle spike disappears.
You feel sick.
You take 1 damage, and have 22/33 hp.
You feel sick.
You are no longer poisoned.
Health restored: 33; MP restored: 8 A bat is nearby!
A bat is nearby!
Unknown command.
The helpless bat fails to defend itself.
You bludgeon the bat!
You kill the bat!
No target in view!
No target in view!
You now have 47 gold pieces (gained 12).
Done exploring.
Done exploring.
Done exploring.
Done exploring.
Done exploring.
Done exploring.
Unknown command.
Done exploring.
Done exploring.
You start putting on your amulet.
You continue putting on your amulet of magic regeneration. x5
You finish putting on your amulet of magic regeneration.
g - an amulet of magic regeneration (around mantle) Done exploring.
Done exploring.
Done exploring.
Done exploring.
(D) Dungeon
Where to? (Enter - D:2, ? - help)
There is a stone staircase leading down here.
You climb downwards.
You hear the sound of rushing water.
There is an entrance to a sewer on this level.
Hurry and find it before the portal rusts away!
There is a stone staircase leading up here.
Grinder comes into view.
She is carrying a wand of roots (10).
Memorise Wereblood, consuming 2 spell levels and leaving 5?
You start memorising the spell.
You continue memorising. x2
You finish memorising.
Spell assigned to 'b'.
This spell is quite dangerous to cast!
Memorise Spider Form, consuming 3 spell levels and leaving 2?
You start memorising the spell.
You continue memorising. x3
You finish memorising.
Spell assigned to 'c'.
Unknown command.
The spell is quite dangerous to miscast (16% risk of failure)!
Continue anyway?
You miscast Spider Form.
You are very lightly contaminated with residual magic.
Nothing appears to happen.
You now have 5/8 mp.
The spell is quite dangerous to miscast (16% risk of failure)!
Continue anyway?
You turn into a venomous arachnid creature.
You now have 3/8 mp.
Really crawl into a travel-excluded area?
Grinder shouts!
Grinder gestures at you. Pain shoots through your body!
You take 6 damage, and have 27/33 hp.
You hit Grinder.
Grinder is poisoned.
Your magical contamination has completely faded away.
You hit Grinder.
Grinder looks as sick as possible!
Grinder closely misses you.
You hit Grinder but do no damage. Grinder gestures at you.
Pain shoots through your body!
You take 13 damage, and have 14/33 hp.
MASSIVE DAMAGE!!
You bite Grinder! Grinder closely misses you.
You hit Grinder. Grinder gestures at you. Pain shoots through your body!
* * * LOW HITPOINT WARNING * * *
You take 14 damage, and have 1/33 hp.
MASSIVE DAMAGE!!
It was a potion of might.
You feel very mighty all of a sudden.
Your transformation is almost over.
Grinder gestures at you. Pain shoots through your body!
You die...

#########
~~~≈~≈~≈###
......5s..###
≈~~≈≈~~≈#...#
###########.#
##.## #<..#
........#.#
###.###...#
#####


You could see Grinder (very poisoned).

Vanquished Creatures
  Terence (D:2)
  Natasha (thrice) (D:2)
  An adder (D:2)
  A worm (D:2)
  3 dart slugs
  4 bats
  8 endoplasms
  A giant cockroach (D:2)
  3 goblins
  3 hobgoblins (D:1)
  4 jackals (D:2)
  3 kobolds (D:1)
  2 quokkas (D:1)
  5 ball pythons
  3 frilled lizards (D:2)
  4 rats
49 creatures vanquished.

Vanquished Creatures (others)
  3 plants (D:2)
3 creatures vanquished.

Grand Total: 52 creatures vanquished

Notes
Turn   | Place    | Note
-------+----------+-------------------------------------------
     0 | D:1      | OTABOTABOTAB the Octopode Transmuter began the quest for
                  | the Orb.
     0 | D:1      | Reached XP level 1. HP: 13/13 MP: 3/3
    52 | D:1      | Found a faded altar of an unknown god.
    89 | D:1      | Reached XP level 2. HP: 14/18 MP: 3/5
   280 | D:1      | Reached skill level 1 in Poison Magic
   427 | D:1      | Reached XP level 3. HP: 19/23 MP: 4/6
   958 | D:2      | Noticed Natasha
   975 | D:2      | Killed Natasha
   976 | D:2      | Reached skill level 3 in Transmutations
   981 | D:2      | Reached XP level 4. HP: 24/28 MP: 5/7
  1090 | D:2      | Found Denuwk's Assorted Antiques.
  1099 | D:2      | Bought a scroll labelled XAXIKHL MUQOYX for 17 gold pieces
  1099 | D:2      | Bought a scroll labelled CATAFUIMOO for 17 gold pieces
  1099 | D:2      | Bought a scroll labelled KAAFOZ WAONORUJI for 17 gold
                  | pieces
  1099 | D:2      | Bought a scroll labelled CATAFUIMOO for 17 gold pieces
  1119 | D:2      | Found Teneol's General Store.
  1185 | D:2      | Found Suwialin's Weapon Shop.
  1217 | D:2      | Found a sparkling altar of Nemelex Xobeh.
  1234 | D:2      | Found Iwnaop Horch's Antique Armour Emporium.
  1237 | D:2      | Found Bocoiw's Antique Weapon Shop.
  1237 | D:2      | Noticed Natasha
  1250 | D:2      | Killed Natasha
  1251 | D:2      | Reached skill level 4 in Unarmed Combat
  1251 | D:2      | Reached skill level 2 in Poison Magic
  1320 | D:2      | Noticed Natasha
  1323 | D:2      | HP: 2/28 [Natasha/bolt of light (20)]
  1327 | D:2      | Killed Natasha
  1328 | D:2      | Reached XP level 5. HP: 15/33 MP: 8/8
  1475 | D:2      | Noticed Terence
  1812 | D:2      | Killed Terence
  2019 | D:3      | Noticed Grinder
  2025 | D:3      | Learned a level 2 spell: Wereblood
  2029 | D:3      | Learned a level 3 spell: Spider Form
  2040 | D:3      | HP: 1/33 [Grinder/nerve-wracking pain (14)]
  2041 | D:3      | Killed from afar by Grinder

Illustrated notes

Levels and vault maps discovered:
D:1:      nicolae_arrival_washed_ashore, layout_basic, basic_ecumenical_altar
D:2:      layout_loops_cross, basic_altar, serial_shops, nicolae_shop_stone,
          nicolae_lakefront_shop, shop, nicolae_shop_waterfront,
          nicolae_shop_overgrown_old_shop, eino_curves_02, minmay_tall_x,
          uniq_terence, uniq_natasha
D:3:      layout_loops_ring, evilmike_ruin_ashenzari, portal_sewer_entry_d,
          amcnicky_mini_rare_corridor_liquid, uniq_grinder

Skill      XL: |  1  2  3  4 |
---------------+-------------+-----
Poison Magic   | 1 2 |  2.4
Transmutations | 3 |  3.7
Unarmed Combat | 4 |  4.4
Fighting       | |  1.0
Dodging        | |  2.0
Spellcasting   | |  2.0

Action                   |  1- 3 |  4- 6 || total
-------------------------+-------+-------++-------
Melee: Unarmed           |    32 |    54 ||    86
       Constrict         |    11 |    12 ||    23
       Tentacles         |     8 |     4 ||    12
       Kick              |     6 |     7 ||    13
       Punch             |     1 |     4 ||     5
Throw: Stone             |     9 |     2 ||    11
 Cast: Beastly Appendage |     9 |    11 ||    20
       Spider Form       |       |     1 ||     1
 Abil: End Transformatio |     8 |     8 ||    16
  Use: Scroll            |       |     5 ||     5
       Potion            |       |     2 ||     2
 Stab: Sleeping          |     4 |     4 ||     8
       Distracted        |       |     1 ||     1
Armor: Skin              |       |     3 ||     3
Dodge: Dodged            |    22 |    31 ||    53

Table legend: (Time is in decaauts)
 A = Elapsed time spent in this place.
 B = Non-inter-level travel time spent in this place.
 C = Inter-level travel time spent in this place.
 D = Time resting spent in this place.
 E = Time spent auto-exploring this place.
 F = Levels seen in this place.
 G = Mean time per level.
                   A        B        C        D        E       F      G
               +--------+--------+--------+--------+--------+-----+--------+
         Total |   2045 |   2016 |     29 |     64 |   1542 |   3 |  681.7 |
       Dungeon |   2045 |   2016 |     29 |     64 |   1542 |   3 |  681.7 |
               +--------+--------+--------+--------+--------+-----+--------+

Top non-repeatable levels by time:
     D:2: 1068 daAuts
     D:1: 949 daAuts
     D:3: 27 daAuts

Table legend:
 A = Kills in this place as a percentage of kills in entire the game.
 B = Kills by you in this place as a percentage of kills by you in the entire game.
 C = Kills by friends in this place as a percentage of kills by friends in the entire game.
 D = Other kills in this place as a percentage of other kills in the entire game.
 E = Experience gained in this place as a percentage of experience gained in the entire game.
 F = Experience gained in this place divided by the number of levels of this place that you have seen.
                   A       B       C       D       E      F
               +-------+-------+-------+-------+-------+----------------------
         Total | 100.0 | 100.0 |   N/A |   N/A | 100.0 |  80.3
       Dungeon | 100.0 | 100.0 |   N/A |   N/A | 100.0 |  80.3
               +-------+-------+-------+-------+-------+----------------------
